[Event "Titled Tuesday Blitz May 16 Early 2023"]
[White "Steinberg, Nitzan"]
[Black "egorchess95"]
[WhiteFideId "2801795"]
[WhiteElo "2486"]
[BlackElo "2576"]
[Result "1-0"]
[Round "05"]
[TimeControl "180+2"]
[Date "2023.05.16"]
[WhiteClock "0:01:06"]
[BlackClock "0:00:04"]

1. d4 d5 2. Nf3 Nf6 3. c4 e6 4. Nc3 c6 5. e3 Nbd7 6. Qc2 Bd6 7. Be2 O-O 8. b3 b6 9. Bb2 Bb7 10. O-O c5 11. cxd5 Nxd5 12. Ne4 Be7 13. Rac1 Rc8 14. Qb1 cxd4 15. Rxc8 Qxc8 16. Bxd4 N7f6 17. Rc1 Qa8 18. Ned2 Rc8 19. h3 Ba3 20. Rxc8+ Qxc8 21. Nc4 Be7 22. Nfe5 Qc7 23. a4 Bb4 24. Bf3 Nc3 25. Qd3 Bxf3 26. Nxf3 Nce4 27. Nfe5 Nc5 28. Qd1 Ncd7 29. Nd3 Be7 30. Qf3 Nd5 31. e4 N5f6 32. Nde5 Nc5 33. Bxc5 Qxc5 34. Nd3 Qd4 35. e5 Nd5 36. Nd6 f6 37. Nc8 Bf8 38. Nxa7 Qc3 39. Nb5 Qxb3 40. Nd4 Qb1+ 41. Kh2 fxe5 42. Nxe6 Nf6 43. Qa8 Nd7 44. Qd5 Nf6 45. Qd8 h6 46. Qxf8+ 1-0


[Site "https://www.chess.com"]

[Event "Titled Tuesday Blitz May 16 Early 2023"]
[White "Spata, German"]
[Black "Firouzja, Alireza"]
[WhiteFideId "113026"]
[BlackFideId "12573981"]
[WhiteElo "2260"]
[BlackElo "2904"]
[Result "1-0"]
[Round "05"]
[TimeControl "180+2"]
[Date "2023.05.16"]
[WhiteClock "0:01:36"]
[BlackClock "0:00:00"]

1. Nf3 d5 2. e3 Nf6 3. d4 e6 4. Be2 Bd6 5. O-O O-O 6. b3 b6 7. Bb2 Bb7 8. c4 Nbd7 9. Nc3 a6 10. Rc1 c5 11. cxd5 exd5 12. Qc2 Re8 13. Rfd1 Rc8 14. Qf5 c4 15. bxc4 dxc4 16. a4 Bb4 17. Ne5 Bxc3 18. Bxc3 b5 19. axb5 axb5 20. Nxd7 Nxd7 21. Qxb5 Bc6 22. Qa5 1-0


[Site "https://www.chess.com"]

[Event "Titled Tuesday Blitz May 16 Early 2023"]
[White "Yeletsky, Ivan"]
[Black "Halkias, Stelios"]
[WhiteFideId "24180327"]
[BlackFideId "4201809"]
[WhiteElo "2380"]
[BlackElo "2451"]
[Result "1-0"]
[Round "05"]
[TimeControl "180+2"]
[Date "2023.05.16"]
[WhiteClock "0:00:10"]
[BlackClock "0:00:09"]

1. d4 Nf6 2. c4 e6 3. Nc3 d5 4. cxd5 exd5 5. Bf4 c6 6. e3 Bd6 7. Bxd6 Qxd6 8. Bd3 O-O 9. Nge2 Re8 10. O-O Nbd7 11. Qc2 Nf8 12. Rae1 Ng6 13. Ng3 Ng4 14. Qd2 Bd7 15. f3 Nf6 16. Bb1 c5 17. Kh1 Rad8 18. Nge2 b6 19. g4 h6 20. Ng3 Bc8 21. Nf5 Bxf5 22. gxf5 Nf8 23. Rg1 N8d7 24. Nb5 Qc6 25. a4 a6 26. Nc3 Kh8 27. Re2 Re7 28. Reg2 Rg8 29. Bd3 c4 30. Bb1 b5 31. axb5 axb5 32. Ne2 Nh5 33. e4 dxe4 34. fxe4 Qd6 35. Qe3 Qb4 36. e5 Qb3 37. Qxh6+ gxh6 38. Rxg8+ Kh7 39. f6+ Qd3 40. fxe7 1-0


[Site "https://www.chess.com"]

[Event "Titled Tuesday Blitz May 16 Early 2023"]
[White "Moussard, Jules"]
[Black "Seemann, Jakub"]
[WhiteFideId "642908"]
[BlackFideId "21874697"]
[WhiteElo "2610"]
[BlackElo "2364"]
[Result "1-0"]
[Round "05"]
[TimeControl "180+2"]
[Date "2023.05.16"]
[WhiteClock "0:01:20"]
[BlackClock "0:00:00"]

1. b3 Nf6 2. Bb2 d5 3. Nf3 c5 4. e3 Nc6 5. Bb5 Bd7 6. O-O e6 7. d4 cxd4 8. exd4 Bd6 9. Nbd2 O-O 10. a3 Qc7 11. Bd3 Rac8 12. Re1 a6 13. c4 Rfd8 14. c5 Bf8 15. b4 g6 16. Rc1 Bg7 17. Bc3 Nh5 18. a4 Nf4 19. Bf1 e5 20. Nxe5 Nxe5 21. dxe5 d4 22. Bxd4 Bf5 23. Nc4 Qc6 24. Nd6 Ne6 25. Bb2 Rc7 26. b5 Qd7 27. Qf3 Ng5 28. Qg3 h6 29. h4 Ne6 30. c6 bxc6 31. b6 1-0


[Site "https://www.chess.com"]

[Event "Titled Tuesday Blitz May 16 Early 2023"]
[White "Mendez Fortes, Eduardo Jesus"]
[Black "Bortnyk, Olexandr"]
[WhiteFideId "3502376"]
[BlackFideId "14120828"]
[WhiteElo "2307"]
[BlackElo "2734"]
[Result "0-1"]
[Round "05"]
[TimeControl "180+2"]
[Date "2023.05.16"]
[WhiteClock "0:00:12"]
[BlackClock "0:00:32"]

1. e4 Nf6 2. e5 Nd5 3. d4 d6 4. Nf3 dxe5 5. Nxe5 c6 6. Bc4 Nd7 7. Nd3 N7f6 8. c3 Bf5 9. O-O e6 10. Ne5 Bd6 11. Nd2 O-O 12. h3 Qc7 13. Ndf3 c5 14. Bb3 cxd4 15. Qxd4 Rfd8 16. Nc4 Nf4 17. Qe3 N6d5 18. Qe1 Bd3 19. Nxd6 Qxd6 20. c4 Nf6 21. c5 Qc7 22. Qe5 Qxe5 23. Nxe5 Bxf1 24. Bxf4 Bb5 25. a4 Be8 26. Be3 Nd5 27. Bxd5 Rxd5 28. b4 Rxe5 0-1


[Site "https://www.chess.com"]

[Event "Titled Tuesday Blitz May 16 Early 2023"]
[White "Simonian, Hrair"]
[Black "Grischuk, Alexander"]
[WhiteFideId "13302337"]
[BlackFideId "4126025"]
[WhiteElo "2447"]
[BlackElo "2721"]
[Result "0-1"]
[Round "05"]
[TimeControl "180+2"]
[Date "2023.05.16"]
[WhiteClock "0:00:10"]
[BlackClock "0:00:11"]

1. e4 e6 2. d4 d5 3. Nc3 Bb4 4. e5 c5 5. Bd2 Ne7 6. Nce2 Bxd2+ 7. Qxd2 cxd4 8. f4 b6 9. Nf3 Ba6 10. O-O-O Bxe2 11. Bxe2 Nbc6 12. Nxd4 Nxd4 13. Qxd4 O-O 14. g4 Qc7 15. Bd3 Qc5 16. c3 Rac8 17. Kb1 Qxd4 18. cxd4 f6 19. Bb5 Rcd8 20. Rhe1 fxe5 21. Rxe5 Rxf4 22. Rxe6 Kf7 23. Rde1 Ng6 24. Be8+ Kf8 25. Bxg6 hxg6 26. Rxg6 Rxd4 27. Rf1+ Kg8 28. h4 Rf8 29. Re1 Rf2 30. h5 Kh7 31. a3 Re4 32. Rc1 Rc4 33. Re1 Re4 34. Rc1 Re7 35. Rc3 d4 36. Rd3 Ree2 37. Rb3 d3 38. Rd6 d2 39. Kc2 Rg2 40. Rb4 Ref2 41. Rbd4 d1=Q+ 42. Kxd1 Rf1# 0-1


[Site "https://www.chess.com"]

[Event "Titled Tuesday Blitz May 16 Early 2023"]
[White "Itgelt, Khuyagtsogt"]
[Black "Makarian, Rudik"]
[WhiteFideId "4902912"]
[BlackFideId "44105681"]
[WhiteElo "2227"]
[BlackElo "2461"]
[Result "1/2-1/2"]
[Round "05"]
[TimeControl "180+2"]
[Date "2023.05.16"]
[WhiteClock "0:00:29"]
[BlackClock "0:00:19"]

1. d4 Nf6 2. c4 e6 3. Nf3 d5 4. g3 Bb4+ 5. Bd2 Be7 6. Bg2 O-O 7. O-O Nbd7 8. Qc2 c6 9. Bf4 a5 10. a4 h6 11. Rd1 Re8 12. Ne5 Bf8 13. Nc3 Nb6 14. c5 Nbd7 15. Nxd7 Bxd7 16. e4 dxe4 17. Nxe4 Nxe4 18. Bxe4 g6 19. h4 h5 20. Bg5 Be7 21. Bxg6 Bxg5 22. Bxf7+ Kxf7 23. Qh7+ Kf8 24. Qh8+ Kf7 25. Qh7+ Kf8 26. Qh8+ Kf7 27. Qh7+ 1/2-1/2


[Site "https://www.chess.com"]

[Event "Titled Tuesday Blitz May 16 Early 2023"]
[White "Priasmoro, Novendra"]
[Black "Ter-Sahakyan, Samvel"]
[WhiteFideId "7105029"]
[BlackFideId "13302531"]
[WhiteElo "2412"]
[BlackElo "2545"]
[Result "1-0"]
[Round "05"]
[TimeControl "180+2"]
[Date "2023.05.16"]
[WhiteClock "0:00:16"]
[BlackClock "0:00:00"]

1. e4 c5 2. Nf3 e6 3. d4 cxd4 4. Nxd4 Nf6 5. Bd3 Nc6 6. Nxc6 bxc6 7. O-O d5 8. Nc3 Be7 9. Qe2 O-O 10. Kh1 a5 11. f4 Nd7 12. b3 Nc5 13. e5 a4 14. Bb2 g6 15. Rf3 Qa5 16. Raf1 axb3 17. axb3 Nxd3 18. cxd3 Qb4 19. Qc2 Rb8 20. d4 Qxd4 21. Nb5 Qc5 22. Qxc5 Bxc5 23. Nd4 Bd7 24. Rc1 Bb6 25. Nxc6 Ra8 26. Bd4 Bxc6 27. Bxb6 Bb5 28. Bc5 Rfc8 29. b4 Ra2 30. h3 Rca8 31. Rfc3 Bc4 32. Be7 h6 33. Bc5 Rb2 34. R3c2 Rb3 35. Rc3 Rxc3 36. Rxc3 Ra2 37. Be7 Kh7 38. Bf6 g5 39. fxg5 hxg5 40. Bxg5 Rb2 41. Rf3 d4 42. Rf4 Bd5 43. Rxd4 Bxg2+ 44. Kg1 Bd5 45. h4 Kg6 46. Bf6 Kh5 47. Kf1 Rc2 48. Be7 Rb2 49. Ke1 Rc2 50. Kd1 Rc7 51. Bf6 Rc3 52. Kd2 Rb3 53. Kc2 Ra3 54. b5 Ra5 55. Rb4 Ra7 56. b6 Rb7 57. Kc3 Kg6 58. Kd4 Kh5 59. Kc5 Kg6 60. Rd4 Kh5 61. Bd8 Rd7 62. Bc7 Kg6 63. Kb4 Kh5 64. b7 1-0


[Site "https://www.chess.com"]

[Event "Titled Tuesday Blitz May 16 Early 2023"]
[White "Tang, Andrew"]
[Black "Volkov, Maksim"]
[WhiteFideId "2059630"]
[BlackFideId "54123070"]
[WhiteElo "2596"]
[BlackElo "2297"]
[Result "1-0"]
[Round "05"]
[TimeControl "180+2"]
[Date "2023.05.16"]
[WhiteClock "0:00:02"]
[BlackClock "0:00:00"]

1. d4 d5 2. Bf4 Nf6 3. e3 c5 4. dxc5 Qa5+ 5. Nd2 Qxc5 6. Ngf3 e6 7. a3 Bd6 8. b4 Qc7 9. Bxd6 Qxd6 10. c4 O-O 11. Rc1 Nc6 12. Qb3 Rd8 13. Be2 d4 14. O-O d3 15. c5 Qd7 16. Bd1 Qe7 17. b5 Na5 18. Qb4 Qc7 19. e4 b6 20. Ba4 Nb7 21. cxb6 Qxb6 22. Rc6 Qa5 23. Rfc1 Bd7 24. Rc7 Qb6 25. h3 Be8 26. Qe7 Nd6 27. Ne5 Ndxe4 28. Nxf7 Qxf2+ 29. Kh1 Ng3+ 30. Kh2 Nf5 31. Nh6+ gxh6 32. Qxe6+ 1-0


[Site "https://www.chess.com"]

[Event "Titled Tuesday Blitz May 16 Early 2023"]
[White "Pap, Gyula"]
[Black "MKlose11"]
[WhiteFideId "725323"]
[WhiteElo "2519"]
[BlackElo "2670"]
[Result "1-0"]
[Round "05"]
[TimeControl "180+2"]
[Date "2023.05.16"]
[WhiteClock "0:00:36"]
[BlackClock "0:00:15"]

1. Nf3 Nf6 2. g3 c5 3. Bg2 Nc6 4. O-O d6 5. d4 cxd4 6. Nxd4 Bd7 7. c4 g6 8. b3 Bg7 9. Bb2 O-O 10. Nc3 Qa5 11. e3 Rfe8 12. Qe2 Rac8 13. Rac1 Qh5 14. Qxh5 Nxh5 15. Rfd1 Nf6 16. h3 Kf8 17. f4 Red8 18. Kf2 a6 19. g4 Nxd4 20. exd4 Bc6 21. d5 Bd7 22. a4 h5 23. g5 Ne8 24. Bf1 Nc7 25. Rd2 Rb8 26. Nd1 Bxb2 27. Nxb2 b5 28. cxb5 Ne8 29. b4 axb5 30. a5 Ng7 31. Rc7 Nf5 32. Nd1 e6 33. Ne3 e5 34. fxe5 dxe5 35. Nxf5 Bxf5 36. d6 Rd7 37. Rc5 Rbd8 38. Bxb5 Rxd6 39. Rxd6 Rxd6 40. a6 Rd2+ 41. Ke3 Rh2 42. Bc6 Rxh3+ 43. Kf2 Ra3 44. Ra5 Rxa5 45. bxa5 Bd3 46. a7 Kg7 47. a8=Q 1-0


[Site "https://www.chess.com"]

[Event "Titled Tuesday Blitz May 16 Early 2023"]
[White "Domingo Nunez, Ruben"]
[Black "Keymer, Vincent"]
[WhiteFideId "22245570"]
[BlackFideId "12940690"]
[WhiteElo "2404"]
[BlackElo "2669"]
[Result "0-1"]
[Round "05"]
[TimeControl "180+2"]
[Date "2023.05.16"]
[WhiteClock "0:00:01"]
[BlackClock "0:00:10"]

1. c4 Nf6 2. Nc3 e5 3. Nf3 Nc6 4. e4 Bb4 5. d3 d6 6. Be2 O-O 7. O-O a5 8. h3 Bc5 9. Kh1 h6 10. a3 Bd7 11. Bd2 Nh7 12. Nd5 a4 13. Be3 Nd4 14. Nxd4 Bxd4 15. Bxd4 exd4 16. f4 c6 17. Nb4 f5 18. Nc2 Qb6 19. Qd2 c5 20. Bf3 Rae8 21. exf5 Bxf5 22. Rab1 Nf6 23. b4 axb3 24. Na1 Qc7 25. Rxb3 b6 26. Nc2 Be6 27. Rfb1 d5 28. Rxb6 dxc4 29. dxc4 Bxc4 30. Rc6 Qe7 31. Re1 Qa7 32. Re5 Nd7 33. Bd5+ Bxd5 34. Rxd5 Nf6 35. Rdxc5 Ne4 36. Qxd4 Nxc5 37. Rxc5 Rxf4 38. Qd5+ Kh7 39. Qd3+ Kh8 40. Rd5 Qf7 41. Kh2 Rf1 42. Qd4 Rf4 43. Qxf4 Qxf4+ 0-1


[Site "https://www.chess.com"]

[Event "Titled Tuesday Blitz May 16 Early 2023"]
[White "Martinez Ramirez, Lennis"]
[Black "Galchenko, Matvey"]
[WhiteFideId "3509079"]
[BlackFideId "24175480"]
[WhiteElo "2410"]
[BlackElo "2423"]
[Result "1-0"]
[Round "05"]
[TimeControl "180+2"]
[Date "2023.05.16"]
[WhiteClock "0:00:18"]
[BlackClock "0:00:09"]

1. c4 e6 2. d4 d5 3. Nc3 c6 4. cxd5 exd5 5. Bf4 Bf5 6. e3 Qb6 7. Bd3 Bxd3 8. Qxd3 Nd7 9. Nge2 Ngf6 10. O-O-O Be7 11. f3 c5 12. g4 h6 13. h4 Qc6 14. g5 Nh5 15. dxc5 Nxc5 16. Qxd5 Rc8 17. gxh6 Nxf4 18. Nxf4 Rxh6 19. h5 Qxd5 20. Rxd5 Rhc6 21. Kb1 Bf6 22. Nb5 Ke7 23. Nxa7 Na4 24. Nxc8+ Rxc8 25. Rd2 Be5 26. Nd5+ Ke6 27. f4 Bd6 28. h6 Rh8 29. f5+ Kxf5 30. Rf1+ Ke6 31. hxg7 Rg8 32. Nf4+ Bxf4 33. Rxf4 Nc5 34. Rg2 Nd7 35. Rh4 Kf6 36. Rh6+ Ke7 37. Rh8 Nf6 38. Rxg8 Nxg8 39. Kc2 Kf6 40. a4 1-0


[Site "https://www.chess.com"]

[Event "Titled Tuesday Blitz May 16 Early 2023"]
[White "Tari, Aryan"]
[Black "Kvaloy, Aksel Bu"]
[WhiteFideId "1510045"]
[BlackFideId "1528815"]
[WhiteElo "2571"]
[BlackElo "2242"]
[Result "1-0"]
[Round "05"]
[TimeControl "180+2"]
[Date "2023.05.16"]
[WhiteClock "0:00:33"]
[BlackClock "0:00:00"]

1. b3 e5 2. Bb2 Nc6 3. e3 d5 4. Bb5 Bd6 5. Ne2 Nf6 6. O-O a6 7. Bxc6+ bxc6 8. f4 exf4 9. Nxf4 O-O 10. Nc3 Qe7 11. Nce2 Ne4 12. d3 Nf6 13. Qd2 Ng4 14. Rf3 Bd7 15. Rg3 Rae8 16. h3 Ne5 17. Nh5 Ng6 18. Bxg7 Bxg3 19. Nexg3 Qxe3+ 20. Qxe3 Rxe3 21. Bd4 Rxg3 22. Nf6+ Kg7 23. Nxd7+ Kh6 24. Bf2 Rd8 25. Nf6 Rg5 26. Be3 d4 27. Bc1 Nh4 28. Ne4 f6 29. Bxg5+ fxg5 30. Rf1 Kg7 31. Rf6 c5 32. Rc6 Rd7 33. Nxc5 Re7 34. Ne6+ Kg8 35. Nxd4 h5 36. Rxa6 g4 37. hxg4 hxg4 38. Kf2 Ng6 39. Rxg6+ 1-0


[Site "https://www.chess.com"]

[Event "Titled Tuesday Blitz May 16 Early 2023"]
[White "Akash G"]
[Black "Drygalov, Sergey"]
[WhiteFideId "5040299"]
[BlackFideId "24171743"]
[WhiteElo "2395"]
[BlackElo "2533"]
[Result "0-1"]
[Round "05"]
[TimeControl "180+2"]
[Date "2023.05.16"]
[WhiteClock "0:00:35"]
[BlackClock "0:02:05"]

1. e4 c5 2. Nf3 d6 3. d4 cxd4 4. Nxd4 Nf6 5. Bd3 Nc6 6. Nb3 g6 7. c4 Bg7 8. Nc3 O-O 9. f3 Be6 10. O-O Rc8 11. Nd5 Ne5 12. Be3 Nxc4 13. Bxc4 Rxc4 14. Bxa7 Bxd5 15. exd5 b6 16. Qd3 Ra4 17. Nd4 Rxa7 18. Nc6 Qa8 19. Nxa7 Qxa7 20. Kh1 Nd7 21. Rf2 Rc8 22. a3 Qa4 23. Re2 Bf6 24. g3 h5 25. Rae1 h4 26. Kg2 Ne5 27. Qe4 Rc4 28. Qb1 Rd4 29. f4 Nd3 30. Rf1 Qc4 31. Rc2 Qxd5+ 32. Kg1 Re4 33. Rc8+ Kg7 0-1


[Site "https://www.chess.com"]

[Event "Titled Tuesday Blitz May 16 Early 2023"]
[White "Alex_Sahakyan2006"]
[Black "Shimanov, Aleksandr"]
[BlackFideId "4198603"]
[WhiteElo "2645"]
[BlackElo "2631"]
[Result "1-0"]
[Round "05"]
[TimeControl "180+2"]
[Date "2023.05.16"]
[WhiteClock "0:00:03"]
[BlackClock "0:00:00"]

1. d4 d5 2. Nf3 Nf6 3. Bf4 c5 4. e3 Nc6 5. Nbd2 cxd4 6. exd4 Bf5 7. c3 e6 8. Qa4 Nd7 9. Bb5 Qc8 10. O-O Be7 11. Rfe1 O-O 12. Bf1 a6 13. Qd1 Qd8 14. a4 Rc8 15. Nb3 Nb6 16. Nfd2 Re8 17. a5 Nd7 18. Nf3 Bf8 19. Bd3 Bxd3 20. Qxd3 Nf6 21. h3 Ne4 22. Nfd2 Nd6 23. Qf3 Nc4 24. Nxc4 dxc4 25. Nd2 Nxa5 26. Ne4 Nc6 27. Rad1 Qd5 28. Qg3 Kh8 29. Be5 Qd8 30. Ng5 Kg8 31. h4 f6 32. Ne4 fxe5 33. dxe5 Qe7 34. Rd7 Kh8 35. Rxe7 Bxe7 36. h5 h6 37. f4 Rcd8 38. Qg6 Bf8 39. Kh2 b5 40. Nd6 Bxd6 41. exd6 Rf8 42. Rxe6 Rd7 43. Re8 Rd8 44. Rxf8+ Rxf8 45. d7 Nd8 46. Qe8 Kg8 47. f5 a5 48. Qe7 Nf7 49. Qe6 Rd8 50. Qe8+ Kh7 51. Qxf7 1-0


[Site "https://www.chess.com"]

[Event "Titled Tuesday Blitz May 16 Early 2023"]
[White "Lewicki, Miroslaw"]
[Black "Durarbayli, Vasif"]
[WhiteFideId "1113380"]
[BlackFideId "13402935"]
[WhiteElo "2212"]
[BlackElo "2551"]
[Result "0-1"]
[Round "05"]
[TimeControl "180+2"]
[Date "2023.05.16"]
[WhiteClock "0:00:11"]
[BlackClock "0:00:21"]

1. g3 d5 2. Bg2 e5 3. Nf3 e4 4. Nd4 c5 5. Nb3 c4 6. Nd4 Bc5 7. c3 Nc6 8. Nxc6 bxc6 9. O-O Bf5 10. b3 Nf6 11. bxc4 dxc4 12. Qa4 O-O 13. Qxc4 Qb6 14. Ba3 Bxa3 15. Nxa3 Qb2 16. Qc5 Bg4 17. Nc4 Qb5 18. Qxb5 cxb5 19. Nd6 Rad8 20. Nxb5 Bxe2 21. Rfb1 Rxd2 22. Nxa7 Bd3 23. Rd1 Rc2 24. Rdc1 Rb2 25. h3 Ra8 26. Nc6 Raxa2 27. Rxa2 Rxa2 28. Nb4 Rb2 29. Rd1 Rb1 30. Rxb1 Bxb1 31. Kf1 Kf8 32. Ke2 Ke7 33. Ke3 Kd6 34. Kd4 h5 35. c4 Nd7 36. Bxe4 Bxe4 37. Kxe4 Kc5 38. Nd3+ Kxc4 39. Ne5+ Nxe5 40. Kxe5 Kd3 41. Kf5 Ke2 42. f4 Kf3 43. g4 h4 44. g5 Kg3 45. g6 fxg6+ 46. Kg5 Kxh3 47. Kxg6 Kg4 48. f5 h3 0-1


[Site "https://www.chess.com"]

[Event "Titled Tuesday Blitz May 16 Early 2023"]
[White "Lenaerts, Lennert"]
[Black "Bharath Subramaniyam H"]
[WhiteFideId "211435"]
[BlackFideId "46634827"]
[WhiteElo "2334"]
[BlackElo "2400"]
[Result "0-1"]
[Round "05"]
[TimeControl "180+2"]
[Date "2023.05.16"]
[WhiteClock "0:01:13"]
[BlackClock "0:00:14"]

1. d4 Nf6 2. c4 b6 3. Nc3 Bb7 4. d5 e6 5. a3 Bd6 6. g3 Be5 7. Bd2 exd5 8. Bg2 c5 9. cxd5 O-O 10. Nf3 Bxc3 11. Bxc3 Nxd5 12. Bd2 Nf6 13. O-O d5 14. Qc2 Nc6 15. Rfd1 h6 16. b4 Qe7 17. bxc5 bxc5 18. Rdc1 c4 19. Bc3 Ne4 20. e3 a5 21. Nd4 Nxd4 22. Bxd4 Rfc8 23. Rcb1 Bc6 24. Rb6 Rab8 25. Qb2 Rxb6 26. Qxb6 a4 27. Qb2 f6 28. Rb1 Be8 29. h4 c3 30. Qc1 c2 31. Rb4 Qe6 32. Rb2 Qc6 33. Bh3 Rc7 34. Bf1 Bh5 35. Bd3 Bd1 36. Rb8+ Kf7 37. Rb6 Qd7 38. Rb2 Qh3 39. Bxc2 Bf3 40. Qf1 Qh1# 0-1


[Site "https://www.chess.com"]

[Event "Titled Tuesday Blitz May 16 Early 2023"]
[White "Mikhailovsky, Vladimir"]
[Black "Jeet, Jain"]
[WhiteFideId "34105414"]
[BlackFideId "5073022"]
[WhiteElo "2271"]
[BlackElo "2067"]
[Result "1/2-1/2"]
[Round "05"]
[TimeControl "180+2"]
[Date "2023.05.16"]
[WhiteClock "0:00:05"]
[BlackClock "0:00:11"]

1. e4 Nc6 2. Nf3 d6 3. d4 Bg4 4. c3 Nf6 5. Nbd2 e5 6. Bb5 exd4 7. cxd4 a6 8. Bxc6+ bxc6 9. O-O Be7 10. Qc2 Qd7 11. h3 Bh5 12. Nh4 O-O 13. Nf5 Bg6 14. Nxe7+ Qxe7 15. Qxc6 Bxe4 16. Nxe4 Qxe4 17. Qxc7 Qxd4 18. Rb1 Rfc8 19. Qa5 d5 20. Be3 Qe4 21. Rbd1 Rc2 22. Bd4 Nh5 23. Rfe1 Re2 24. Rxe2 Qxe2 25. Re1 Qc4 26. Be3 h6 27. Rc1 Qe4 28. Rd1 Nf6 29. Bd4 Nh5 30. Be3 Nf6 31. Qd2 Rc8 32. Rc1 Rxc1+ 33. Qxc1 d4 34. Bf4 d3 35. Be3 Nd5 36. Bd2 Kh7 37. Qc5 Nf4 38. f3 Ne2+ 39. Kf1 Qg6 40. Qe3 Ng3+ 41. Kf2 Nh1+ 42. Kg1 Ng3 43. Kf2 Nh1+ 44. Kg1 Ng3 45. Kf2 1/2-1/2


[Site "https://www.chess.com"]

[Event "Titled Tuesday Blitz May 16 Early 2023"]
[White "JeRoma71"]
[Black "Popilski, Gil"]
[BlackFideId "2809060"]
[WhiteElo "2839"]
[BlackElo "2537"]
[Result "1-0"]
[Round "05"]
[TimeControl "180+2"]
[Date "2023.05.16"]
[WhiteClock "0:01:23"]
[BlackClock "0:00:03"]

1. Nf3 d5 2. g3 Nf6 3. Bg2 Bg4 4. Ne5 Bf5 5. d4 Nbd7 6. O-O e6 7. c4 c6 8. Nc3 Nxe5 9. dxe5 Nd7 10. cxd5 cxd5 11. e4 dxe4 12. Qa4 Qc7 13. Nxe4 Rc8 14. Bf4 Qc4 15. Qxc4 Rxc4 16. Nd6+ Bxd6 17. exd6 e5 18. Be3 b6 19. Rac1 Rxc1 20. Rxc1 O-O 21. Rc7 Rd8 22. Rxa7 Be6 23. Bc6 Nf8 24. d7 Nxd7 25. Bxd7 Bxd7 26. Bxb6 Rb8 27. Rxd7 1-0


[Site "https://www.chess.com"]

[Event "Titled Tuesday Blitz May 16 Early 2023"]
[White "Rodshtein, Maxim"]
[Black "Soham Kamotra"]
[WhiteFideId "2806851"]
[BlackFideId "46647490"]
[WhiteElo "2555"]
[BlackElo "2209"]
[Result "0-1"]
[Round "05"]
[TimeControl "180+2"]
[Date "2023.05.16"]
[WhiteClock "0:00:00"]
[BlackClock "0:00:15"]

1. b3 Nf6 2. Bb2 d5 3. e3 Bf5 4. Nf3 Nbd7 5. c4 c6 6. Nc3 h6 7. d4 e6 8. Bd3 Bxd3 9. Qxd3 Bb4 10. O-O O-O 11. Rfd1 Qe7 12. a3 Ba5 13. b4 Bc7 14. e4 dxe4 15. Nxe4 Nxe4 16. Qxe4 Nf6 17. Qe2 a5 18. d5 cxd5 19. cxd5 axb4 20. axb4 Rxa1 21. Bxa1 Rd8 22. dxe6 Rxd1+ 23. Qxd1 Qxe6 24. g3 Bd6 25. b5 Qd5 26. Qe2 Ne4 27. Bd4 Bc5 28. Bxc5 Nxc5 29. Qe7 Nd3 30. Qe8+ Kh7 31. Nh4 g5 32. Ng2 Ne5 33. Ne1 Qe4 34. Kf1 Qc4+ 35. Kg1 Qe2 0-1


[Site "https://www.chess.com"]

[Event "Titled Tuesday Blitz May 16 Early 2023"]
[White "Orlov, Georgi"]
[Black "Sokolovsky, Yahli"]
[WhiteFideId "2011271"]
[BlackFideId "2820242"]
[WhiteElo "2623"]
[BlackElo "2389"]
[Result "0-1"]
[Round "05"]
[TimeControl "180+2"]
[Date "2023.05.16"]
[WhiteClock "0:00:07"]
[BlackClock "0:00:33"]

1. d4 d5 2. Nf3 c6 3. c4 e6 4. Nbd2 f5 5. g3 Nf6 6. Bg2 Nbd7 7. O-O Bd6 8. b3 Ne4 9. Bb2 O-O 10. e3 b6 11. Qc2 Ba6 12. Rfd1 Rc8 13. Ne5 Bxe5 14. dxe5 Qc7 15. f4 Nxd2 16. Rxd2 Rfd8 17. Ba3 Nc5 18. Rc1 dxc4 19. Rxd8+ Rxd8 20. bxc4 Qd7 21. Bxc5 bxc5 22. Bf1 Kf7 23. Qa4 Qd2 24. Qa3 Rb8 25. Qc3 Rb2 26. Qxd2 Rxd2 27. Rc3 Rxa2 28. Rd3 Ke7 29. Rd6 Bb7 30. g4 g6 31. gxf5 gxf5 32. Bg2 Ra6 33. Kf2 Rb6 34. Kg3 a5 35. Rd3 a4 36. Ra3 Rb4 37. Bf1 Ba6 38. Bd3 Bxc4 39. Bc2 Bb3 40. Bxb3 axb3 41. Ra7+ Kd8 42. Ra8+ Kc7 43. Ra7+ Kb6 44. Ra1 b2 0-1


[Site "https://www.chess.com"]

[Event "Titled Tuesday Blitz May 16 Early 2023"]
[White "Suyarov, Mukhammadzokhid"]
[Black "Raahul V S"]
[WhiteFideId "14210495"]
[BlackFideId "25035525"]
[WhiteElo "2361"]
[BlackElo "2190"]
[Result "1-0"]
[Round "05"]
[TimeControl "180+2"]
[Date "2023.05.16"]
[WhiteClock "0:01:59"]
[BlackClock "0:01:33"]

1. d4 Nf6 2. Nc3 d5 3. Bf4 c5 4. e4 cxd4 5. Qxd4 Nc6 6. Bb5 dxe4 7. Qxd8+ Kxd8 8. O-O-O+ Bd7 9. f3 e6 10. Nxe4 Nxe4 11. fxe4 Bc5 12. Bxc6 bxc6 13. Nf3 Ke7 14. Ne5 Be8 15. Nc4 f6 16. e5 Bg6 17. c3 Be4 18. b4 Bb6 19. Nd6 Bxg2 20. Rhg1 Bxg1 21. Rxg1 g5 22. Rxg2 gxf4 23. Rg7+ Kf8 24. exf6 Rd8 25. Nf7 Rd7 26. Nxh8 Rxg7 27. fxg7+ Kxg7 28. a4 Kxh8 29. c4 Kg7 30. b5 Kf7 31. a5 cxb5 32. cxb5 Ke7 33. b6 1-0


[Site "https://www.chess.com"]

[Event "Titled Tuesday Blitz May 16 Early 2023"]
[White "Visakh N R"]
[Black "Novik, Maxim"]
[WhiteFideId "25012223"]
[BlackFideId "4102924"]
[WhiteElo "2466"]
[BlackElo "2287"]
[Result "1-0"]
[Round "05"]
[TimeControl "180+2"]
[Date "2023.05.16"]
[WhiteClock "0:00:37"]
[BlackClock "0:00:06"]

1. e4 c6 2. Nf3 d5 3. Nc3 dxe4 4. Nxe4 Nf6 5. Qe2 Nxe4 6. Qxe4 Qd5 7. Qh4 Qe6+ 8. Be2 Qg6 9. O-O Qxc2 10. Re1 Qf5 11. d4 Qg4 12. Bg5 Qxh4 13. Bxh4 f6 14. Rac1 Nd7 15. Nd2 Nb6 16. Bh5+ Kd8 17. Ne4 Nd5 18. Bf3 g5 19. Bg3 h5 20. h4 g4 21. Be2 Bh6 22. Rcd1 Bf5 23. Bc4 Bxe4 24. Rxe4 Kd7 25. Rde1 Rae8 26. Re6 Rhf8 27. Bd3 Rg8 28. a3 Bf4 29. Bf5 Kd8 30. Bxf4 Nxf4 31. R6e4 Nd5 32. Be6 Rgf8 33. g3 Nc7 34. Bf5 Rg8 35. b4 e6 36. Bxe6 Nxe6 37. Rxe6 Rxe6 38. Rxe6 Rf8 39. f3 Kd7 40. Re4 gxf3 41. Kf2 Kd6 42. Kxf3 a5 43. Kf4 axb4 44. axb4 Kd5 45. Re7 b5 46. Rd7+ Kc4 47. Rd6 Kxb4 48. Rxc6 Ka3 49. d5 b4 50. d6 b3 51. Ra6+ Kb4 52. Rb6+ Kc3 53. Kf5 b2 54. d7 Rd8 55. Ke6 Kc2 56. Ke7 Rg8 57. d8=Q Rxd8 58. Kxd8 b1=Q 59. Rxb1 Kxb1 60. Ke7 Kc2 61. Kxf6 Kd3 62. Kg5 Ke4 63. Kxh5 Kf3 64. g4 Kf4 65. g5 1-0


[Site "https://www.chess.com"]